 Seeded DCSS version 0.29.1-15-g9cfb28693d (webtiles) character file.

Game seed: 16245865983455551772 (custom seed)

89 Darius099 the Sneak (level 4, -4/29 HPs)
             Began as an Octopode Brigand on Mar 8, 2023.
             Slain by an orc
             ... wielding a +0 trident
              (7 damage)
             ... on level 3 of the Dungeon.
             The game lasted 00:02:27 (1995 turns).

Darius099 the Sneak (Octopode Brigand)              Turns: 1995, Time: 00:02:28

Health: -4/29      AC:  1    Str: 10    XL:     4   Next: 55%
Magic:  4/4        EV: 11    Int: 29    God:
Gold:   122        SH:  0    Dex: 17    Spells: 3/3 levels left

rFire   . . .      SeeInvis .   a - +2 dagger
rCold   . . .      Faith    .   j - +0 kite shield of Otauq {rElec Int+4 Dex+2 Stlth+}
rNeg    . . .      Spirit   .   (helmet restricted)
rPois   .          Reflect  .   (no amulet)
rElec   +          Harm     .   h - +6 ring of intelligence
rCorr   .          Rampage  .   i - +6 ring of intelligence
Will    .....                   (no ring)
Stlth   +++.......              (no ring)
HPRegen 0.09/turn               (no ring)
MPRegen 0.09/turn               (no ring)
                                (no ring)
                                (no ring)

@: confused
A: almost no armour, amphibious, 8 rings, camouflage 1, gelatinous body 1,
(nimble swimmer 1), tentacles
a: no special abilities


You were on level 3 of the Dungeon.
You visited 1 branch of the dungeon, and saw 3 of its levels.

You collected 122 gold pieces.

Inventory:

Hand Weapons
 a - a +2 dagger (weapon)
Missiles
 b - 11 poisoned darts (quivered)
 c - 3 curare-tipped darts
Armour
 j - the +0 kite shield of Otauq (worn) {rElec Int+4 Dex+2 Stlth+}
   (You acquired it on level 1 of the Dungeon)

   Int:       It affects your intelligence (+4).
   Dex:       It affects your dexterity (+2).
   rElec:     It insulates you from electricity.
   Stlth:     It makes you more stealthy.
Jewellery
 h - a +6 ring of intelligence (left tentacle)
 i - a +6 ring of intelligence (right tentacle)
Wands
 o - a wand of roots (4)
Scrolls
 d - 2 scrolls of acquirement
 g - 2 scrolls of teleportation {unknown}
 k - 2 scrolls of identify {unknown}
 m - a scroll of summoning {unknown}
 n - a scroll of enchant weapon {unknown}
 p - a scroll of noise {unknown}
Potions
 e - a potion of might {unknown}
 f - 2 potions of flight {unknown}
 l - a potion of lignification {unknown}


   Skills:
 - Level 2.1 Fighting
 + Level 3.1 Short Blades
 - Level 2.1 Throwing
 - Level 1.2 Dodging
 + Level 6.4 Stealth
 + Level 1.4 Shields


You had 3 spell levels left.
You didn't know any spells.
Your spell library contained the following spells:

 Spells                   Type           Power      Damage    Failure   Level
 Sting                    Tmut/Pois      0%         1d3       34%         1
 Poisonous Vapours        Pois/Air       0%         N/A       45%         2
 Olgreb's Toxic Radiance  Pois           0%         N/A       98%         4
 Chain Lightning          Conj/Air       0%         N/A       100%        9
 Fire Storm               Conj/Fire      0%         5d1       100%        9
 Shatter                  Erth           0%         3d5*      100%        9


Dungeon Overview and Level Annotations

Branches:
Dungeon (3/15)

Altars:

Shops:
D:3 [


Innate Abilities, Weirdness & Mutations

You cannot wear most types of armour.
You are amphibious.
You can wear up to eight rings at the same time.
Your skin changes colour to match your surroundings (Stealth+).
Your rubbery body absorbs attacks. (AC +1, EV +1)
((You are camouflaged when in or above water. (Stealth+)))
You have tentacles for arms and can constrict up to eight enemies at once.


Message History

An orc priest comes into view. It is wielding a +0 dagger.
You block the orc's attack. The endoplasm freezes you.
You are frozen.
You hit the endoplasm.
You kill the endoplasm!
The orc closely misses you.
The orc wizard points at you and mumbles some strange words.
You are confused.
You bump into the rock wall.
The orc wizard points at you and mumbles some strange words.
You are more confused.
The orc hits you from afar with a +0 trident.
The orc priest hits you with a +0 dagger.
You miss the orc wizard. Your squeeze misses the orc wizard.
The orc priest hits you with a +0 dagger.
The orc hits you from afar with a +0 trident.
* * * LOW HITPOINT WARNING * * *
The orc wizard hits you with a +0 dagger.
* * * LOW HITPOINT WARNING * * *
You hit the orc priest. You squeeze the orc priest.
The orc priest is heavily wounded.
The orc priest completely misses you. The orc barely misses you.
The orc wizard points at you and mumbles some strange words.
You are more confused.
You bump into the rock wall.
The orc priest hits you with a +0 dagger.
* * * LOW HITPOINT WARNING * * *
The orc completely misses you.
The orc wizard points at you and mumbles some strange words.
The puff of flame misses you.
The puff of flame hits the orc priest!
The orc priest dies!
The orc misses you.
Things that are here:
a +0 dagger; an orc corpse You bump into the rock wall.
The orc barely misses you. The orc wizard closely misses you.
You bump into the rock wall.
The orc hits you from afar with a +0 trident!
You die...

####.##### .# .........#
#.# #.#...#.## #.#
#..#.#...# #.#
#...∩....# #.# ..
#..#.#...# #.#
....###.#...#..#######.#
.....o.o).............>#
#######@#.############.#
........#... ......†..#
############# ########.#
#.# #.# ####'# #.....
#..... #.[...


You could see an orc wizard and an orc.

Vanquished Creatures
  Jessica (D:2)
  An adder (D:2)
  An orc (D:3)
  2 ball pythons (D:1)
  3 bats
  5 endoplasms
  2 goblins (D:1)
  5 hobgoblins
  3 quokkas (D:1)
  3 frilled lizards
  4 kobolds
  5 rats
35 creatures vanquished.

Vanquished Creatures (others)
  An orc priest (D:3)
1 creature vanquished.

Grand Total: 36 creatures vanquished

Notes
Turn   | Place    | Note
-------+----------+-------------------------------------------
     0 | D:1      | Darius099 the Octopode Brigand began the quest for the Orb.
     0 | D:1      | Reached XP level 1. HP: 14/14 MP: 1/1
   284 | D:1      | Reached XP level 2. HP: 19/19 MP: 2/2
   351 | D:1      | Found a faded altar of an unknown god.
   922 | D:1      | Reached XP level 3. HP: 24/24 MP: 3/3
   926 | D:1      | Identified 3 scrolls of acquirement
   926 | D:1      | Acquired the +0 kite shield of Otauq {rElec Int+4 Dex+2
                  | Stlth+}
  1054 | D:2      | Noticed Jessica
  1060 | D:2      | Killed Jessica
  1061 | D:2      | Reached skill level 6 in Stealth
  1061 | D:2      | Reached skill level 1 in Shields
  1061 | D:2      | Reached XP level 4. HP: 15/29 MP: 4/4
  1973 | D:3      | Found Ymmy Ciutu's Antique Armour Shoppe.
  1995 | D:3      | Slain by an orc

Illustrated notes

Levels and vault maps discovered:
D:1:      minmay_arrival_hallway, layout_loops_corners, basic_ecumenical_altar,
          minmay_unequal
D:2:      layout_loops_ring, uniq_jessica
D:3:      layout_basic, serial_shops, nicolae_shop_advertising_works
          [nicolae_subvault_shop_adworks], minmay_shallow_snake_nest,
          uniq_natasha

Skill      XL: |  1  2  3  4 |
---------------+-------------+-----
Stealth        | 6 |  6.4
Shields        | 1 |  1.4
Short Blades   | 3 |  3.1
Fighting       | |  2.1
Throwing       | |  2.1
Dodging        | |  1.2

Action                   |  1- 3 |  4- 6 || total
-------------------------+-------+-------++-------
Melee: Dagger            |    28 |    20 ||    48
       Constrict         |     4 |     2 ||     6
       Tentacles         |     2 |     2 ||     4
  Use: Scroll            |     1 |       ||     1
 Stab: Sleeping          |    15 |    10 ||    25
Armor: Skin              |       |     1 ||     1
Dodge: Dodged            |     7 |    11 ||    18
Block: Kite shield       |       |     2 ||     2
